AoeStats
← PunKY

Arabia

506836432Analyzed
1v1 RM · 16d ago on Sep 15, 2026· 18m 41s· 2 players
Game mode
Random Map
Map size
Tiny (2 player)
Population
200
Speed
Normal
Resources
Standard
Victory
Conquest
Starting age
Dark Age
Ending age
Imperial Age
RankedLock teamsTeams togetherTeam positionsShared explorationLock speedFull tech treeHidden civsTurbo modeCheats
Victory
Defeat
🇻🇳 Celts · Vietnam
1242
+19
🇦🇷 Hindustanis · Argentina
1303
-19
PunKY
6:33 Loom
8:58 Feudal Age
9:47 Double-Bit Axe
10:03 Horse Collar
14:53 Wheelbarrow
18:44 Forging
TidusKoChayGa
4:54 Loom
10:12 Feudal Age
15:02 Castle Age
14:26 Double-Bit Axe
14:56 Gold Mining
Connection lost

Rejoining the realm…

Still unreachable

The connection could not be restored.

Session expired

The server has moved on; the page needs a fresh start.